 Dungeon Crawl Stone Soup version 0.32-a0-868-g153ae1a8d6 (webtiles) character file.

Game seed: 7836565516053263861

2650 qborf the Grappler (level 9, -6/81 HPs)
             Began as a Troll Shapeshifter on Mar 28, 2024.
             Mangled by an orc warrior
             ... wielding a +0 trident
              (10 damage)
             ... on level 7 of the Dungeon.
             The game lasted 00:08:34 (5502 turns).

qborf the Grappler (Troll Shapeshifter)             Turns: 5502, Time: 00:08:34

Health: -6/81      AC:  5    Str: 28    XL:     9   Next: 36%
Magic:  8/8        EV:  8    Int:  6    God:
Gold:   843        SH:  0    Dex:  9    Spells: 8/8 levels left

rFire   . .          .
                       - Unarmed
rCold   . . .        (no shield)
rNeg    + . .        q - +1 robe {rN+}
rPois   +            (helmet currently unavailable)
rElec   .            (cloak currently unavailable)
rCorr   .            (gloves unavailable)
SInv    .            (boots unavailable)
Will    .....        y - amulet of the acrobat
Stlth   +            k - ring of poison resistance
HPRegen 1.13/turn    (no ring)
MPRegen 0.11/turn

%: acrobat
@: beast-form
A: beast (slay +3), large, unfitting armour, claws 3, regeneration 1, shaggy fur
1, tough skin 1
a: Begin Untransformation


You were on level 7 of the Dungeon.
You were a hulking beast.
You visited 1 branch of the dungeon, and saw 7 of its levels.
You also visited: Ossuary.

You collected 843 gold pieces.

Inventory:

Missiles
 x - 3 throwing nets (quivered)
Armour
 q - a +1 robe of positive energy (worn)
Jewellery
 k - a ring of poison resistance (left claw)
 m - a ring of protection from cold
 n - a ring of ice
 w - a ring of wizardry
 y - an amulet of the acrobat (around neck)
Talismans
 c - a beast talisman (active)
 B - a blade talisman
 C - a flux talisman
Wands
 a - a wand of warping (7)
 d - a wand of light (5)
Scrolls
 h - 2 scrolls of enchant weapon
 i - a scroll of amnesia
 l - 2 scrolls of vulnerability
 A - 3 scrolls of identify
Potions
 b - a potion of ambrosia {unknown}
 e - 2 potions of lignification
 f - 2 potions of mutation {unknown}
 g - a potion of attraction {unknown}
 j - 2 potions of berserk rage {unknown}
 o - 2 potions of curing
 p - 3 potions of degeneration
 r - 2 potions of invisibility {unknown}
 t - 2 potions of resistance {unknown}
 u - 2 potions of might {unknown}
 v - a potion of heal wounds {unknown}


   Skills:
 + Level 3.0 Fighting
 - Level 1.5 Dodging
 - Level 0.3 Stealth
 + Level 10.7 Unarmed Combat
 * Level 6.8 Shapeshifting


You had 8 spell levels left.
You didn't know any spells.
Your spell library contained the following spells:

 Spells                   Type           Power      Damage    Failure   Level
 Kiss of Death            Conj/Necr      0%         2d5       45%         1
 Call Imp                 Summ           0%         N/A       58%         2
 Ensorcelled Hibernation  Hex/Ice        0%         N/A       58%         2
 Sublimation of Blood     Necr           0%         N/A       58%         2
 Passwall                 Erth           0%         N/A       83%         3
 Swiftness                Air            0%         N/A       83%         3
 Volatile Blastmotes      Fire/Tloc      0%         2d10      83%         3
 Fulminant Prism          Conj/Alch      0%         3d5       99%         4
 Iskenderun's Mystic Bla Conj/Tloc 0%             2d3        (+2d1     99%         4
 Borgnjor's Vile Clutch   Necr/Erth      0%         N/A       100%        5
 Fireball                 Conj/Fire      0%         3d3       100%        5
 Summon Hydra             Summ           0%         N/A       100%        7


Dungeon Overview and Level Annotations

Branches:
Dungeon (7/15)             Temple (0/1) D:4         Ossuary (visited)

Altars:
Ashenzari
Kikubaaqudgha
Okawaru
Qazlal
Trog
Yredelemnul


Innate Abilities, Weirdness & Mutations

You are a hulking beast.
Your limbs bulge with bestial killing power. (Slay +3)
You are too large for most types of armour.
You have claws for hands.
Your natural rate of healing is unusually fast.
You are covered in fur. (AC +1)
You have tough skin. (AC +1)


Message History

The centaur barely misses you. The orc warrior closely misses you.
The orc wizard hits you but does no damage.
You mangle something!!
Reactivating autopickup.
You feel a bit more experienced. The centaur misses you.
The centaur kicks you but does no damage.
The orc warrior hits you from afar with a +0 trident!
* * * LOW HITPOINT WARNING * * *
The orc wizard hits you but does no damage.
The centaur barely misses you.
The centaur kicks you but does no damage.
Found a scroll of identify.
The orc wizard attacks as it pursues you!
The orc wizard barely misses you.
The centaur wields a +0 shortbow.
The centaur shoots an arrow.
The arrow hits you.
* * * LOW HITPOINT WARNING * * *
You are too confused!
You feel better. The orc wizard closely misses you.
The orc warrior hits you from afar with a +0 trident!
* * * LOW HITPOINT WARNING * * *
As you read the scroll labelled VESUPR IHAMM, it dissolves into smoke.
It was a scroll of fog.
The centaur unwields a +0 shortbow.
The centaur barely misses you.
The centaur kicks you but does no damage.
The orc wizard hits you with a +0 dagger.
* * * LOW HITPOINT WARNING * * *
The orc warrior hits you from afar with a +0 trident.
* * * LOW HITPOINT WARNING * * *
The centaur hits you.
* * * LOW HITPOINT WARNING * * *
The centaur kicks you but does no damage.
Okay, then.
As you read the scroll labelled YJYNEI BISEA, it crumbles to dust.
The creatures around you are filled with an inner flame!
It was a scroll of immolation.
The orc wizard misses you. The centaur barely misses you.
The centaur kicks you but does no damage.
The orc warrior hits you from afar with a +0 trident!
You die...

.. ##.......#.
... ..........
....###........#
...?...<.)......
........).......
#######...##...#
#.o.# ..
#####§oc##.#
#...§§h§...#
#...§§§§...#
#......§......
#..........##.
#............
#..?..........
#.............
#.............


You could see an orc warrior (inner flame), a centaur (inner flame) and an orc
wizard (inner flame).

Vanquished Creatures
  Maurice (D:6)
  Sigmund (D:2)
  A human (D:4)
  A water moccasin (D:4)
  A black bear (D:5)
  2 ogres (D:6)
  A weeping skull (Ossuary)
  A bullfrog (D:6)
  A gnoll sergeant (D:5)
  A scorpion (D:5)
  4 water moccasin zombies (Ossuary)
  2 jellies (D:6)
  3 hounds
  7 orc priests
  A human skeleton (D:4)
  3 iguanas
  2 sleepcaps
  10 orc wizards
  2 crocodile zombies (Ossuary)
  2 mummies (Ossuary)
  21 gnolls
  8 adders
  A white imp (D:5)
  2 ufetubi (D:6)
  4 adder zombies (Ossuary)
  2 ribbon worms
  22 orcs
  8 bats
  9 endoplasms
  A giant cockroach (D:2)
  9 goblins
  8 hobgoblins
  5 jackals
  5 kobolds
  3 quokkas
  5 ball pythons
  12 frilled lizards
  10 gnoll zombies (Ossuary)
  3 jackal zombies
  A kobold zombie (D:4)
  4 orc zombies (Ossuary)
  4 rats
194 creatures vanquished.

Notes
Turn   | Place    | Note
-------+----------+-------------------------------------------
     0 | D:1      | qborf the Troll Shapeshifter began the quest for the Orb.
     0 | D:1      | Reached XP level 1. HP: 18/18 MP: 0/0
    69 | D:1      | Reached XP level 2. HP: 26/26 MP: 1/1
   302 | D:1      | You fall into a shaft and drop 1 floor!
   315 | D:2      | Identified the +2 short sword of Lusting Pain and Death
                  | {vamp, ^Contam MP-9 Str+5 Dex+8}
   322 | D:2      | Noticed Sigmund
   338 | D:2      | Killed Sigmund
   339 | D:2      | Reached skill level 1 in Fighting
   339 | D:2      | Reached skill level 4 in Unarmed Combat
   339 | D:2      | Reached XP level 3. HP: 18/33 MP: 2/2
   339 | D:2      | Reached XP level 4. HP: 23/41 MP: 3/3
   339 | D:2      | Reached XP level 5. HP: 27/48 MP: 4/4
   453 | D:1      | Found a faded altar of an unknown god.
   870 | D:2      | Found an iron altar of Okawaru.
  1021 | D:2      | Reached skill level 5 in Unarmed Combat
  1506 | D:3      | Reached XP level 6. HP: 44/55 MP: 5/5
  1666 | D:3      | Found an iron altar of Okawaru.
  2001 | D:3      | Found an ancient bone altar of Kikubaaqudgha.
  2067 | D:4      | Identified a scroll of acquirement
  2068 | D:4      | Acquired 567 gold pieces
  2147 | D:4      | Reached skill level 6 in Unarmed Combat
  2193 | D:4      | Found a sand-covered staircase.
  2205 | Ossuary  | Entered an ossuary
  2262 | Ossuary  | Reached XP level 7. HP: 62/62 MP: 6/6
  2281 | Ossuary  | Reached skill level 5 in Shapeshifting
  2327 | Ossuary  | Reached skill level 7 in Unarmed Combat
  2537 | D:4      | Found a runed translucent door.
  2537 | D:4      | Noticed a human
  2542 | D:4      | Found a basalt altar of Yredelemnul.
  2656 | D:4      | Found a staircase to the Ecumenical Temple.
  2665 | D:4      | Reached skill level 8 in Unarmed Combat
  2699 | D:4      | Got Lehudib's Compilation of Battling and Silt
  2940 | D:4      | Killed a human
  2958 | D:5      | Entered Level 5 of the Dungeon
  2980 | D:5      | Reached XP level 8. HP: 70/70 MP: 7/7
  3393 | D:5      | Reached skill level 9 in Unarmed Combat
  3747 | D:5      | Found a broken altar of Ashenzari.
  3748 | D:5      | Found a bloodstained altar of Trog.
  4490 | D:6      | Reached skill level 10 in Unarmed Combat
  4628 | D:6      | Found a stormy altar of Qazlal.
  4749 | D:5      | Reached XP level 9. HP: 37/79 MP: 8/8
  5289 | D:7      | Noticed Maurice
  5389 | D:6      | Maurice stole an amulet of the acrobat
  5398 | D:6      | Maurice stole a flux talisman
  5401 | D:6      | Something stole 44 gold
  5402 | D:6      | Something stole 3 throwing nets
  5403 | D:6      | Something stole 400 gold
  5404 | D:6      | Killed Maurice
  5501 | D:7      | HP: 3/81 [centaur (3)]
  5502 | D:7      | Mangled by an orc warrior

Illustrated notes

Levels and vault maps discovered:
D:1:      roadster_arrival_rocket_small, layout_basic, basic_ecumenical_altar,
          minmay_misc_feat_hallway, glass_columns_b
D:2:      layout_loops_ring, basic_altar, uniq_sigmund
D:3:      layout_rooms, mainiacjoe_overflow_brackets, marbit_many_paths,
          minmay_misc_feat_x, minmay_lizard_king
D:4:      layout_cave_pools, dk_yredelemnul_ordeal, minmay_temple_entry_ruins,
          enter_ossuary_1
D:5:      layout_layer_cave, minitemple
D:6:      layout_basic, lemuel_tele_altar
D:7:      layout_rooms, uniq_pikel, uniq_maurice

Skill      XL: |  1  2  3  4  5  6  7  8  9 |
---------------+----------------------------+-----
Fighting       | 1 2 3 |  3.0
Unarmed Combat | 4 5 6 8 10 | 10.7
Shapeshifting  | 4 5 6 |  6.8
Dodging        | |  1.5
Stealth        | |  0.3

Action                     |  1- 3 |  4- 6 |  7- 9 || total
---------------------------+-------+-------+-------++-------
  Melee: Unarmed           |    48 |   147 |   279 ||   474
         Punch             |     1 |     4 |    16 ||    21
    Use: Scroll            |       |     6 |     4 ||    10
         Potion            |       |     1 |     4 ||     5
   Stab: Sleeping          |       |       |     1 ||     1
 Armour: Animal skin       |    39 |    15 |       ||    54
         Robe              |       |    87 |   309 ||   396
         Skin              |       |    29 |       ||    29
  Dodge: Dodged            |    15 |    63 |   153 ||   231

Table legend: (Time is in decaauts)
 A = Elapsed time spent in this place.
 B = Non-inter-level travel time spent in this place.
 C = Inter-level travel time spent in this place.
 D = Time resting spent in this place.
 E = Time spent auto-exploring this place.
 F = Levels seen in this place.
 G = Mean time per level.
                   A        B        C        D        E       F      G
               +--------+--------+--------+--------+--------+-----+--------+
         Total |   5440 |   5220 |    220 |    253 |   3859 |   8 |  680.0 |
       Dungeon |   5202 |   4982 |    220 |    216 |   3751 |   7 |  743.1 |
       Ossuary |    238 |    238 |      0 |     37 |    108 |   1 |  238.0 |
               +--------+--------+--------+--------+--------+-----+--------+

Top non-repeatable levels by time:
     D:5: 1406 daAuts
     D:6: 1075 daAuts
     D:2: 773 daAuts
     D:1: 698 daAuts
     D:4: 637 daAuts
     D:3: 578 daAuts
 Ossuary: 238 daAuts
     D:7: 31 daAuts
